 Dungeon Crawl Stone Soup version 0.30-a0-830-gfe289a77b0 (webtiles) character file.

Game seed: 6531274004987194682

126 Nacht the Digger (level 4, -10/30 HPs)
             Began as a Demonspawn Earth Elementalist on Mar 1, 2023.
             Mangled by an ice beast (14 damage)
             ... on level 3 of the Dungeon.
             The game lasted 00:02:19 (1935 turns).

Nacht the Digger (Demonspawn Earth Elementalist)    Turns: 1935, Time: 00:02:19

Health: -10/30     AC:  7    Str:  9    XL:     4   Next: 83%
Magic:  7/7        EV: 12    Int: 18    God:
Gold:   136        SH:  0    Dex: 13    Spells: 1/7 levels left

rFire   . . .      SeeInvis .    (no weapon)
rCold   . . .      Faith    .    (no shield)
rNeg    . . .      Spirit   .    a - +0 robe
rPois   .          Reflect  .    (no helmet)
rElec   .          Harm     .    (no cloak)
rCorr   .          Rampage  .    h - +0 pair of gloves
Will    .....                    j - +1 pair of boots
Stlth   ++                       (no amulet)
HPRegen 0.25/turn                (no ring)
MPRegen 0.10/turn                (no ring)

@: very slightly contaminated
A: yellow scales 1, weakness stinger 2
a: no special abilities


You were on level 3 of the Dungeon.
You visited 1 branch of the dungeon, and saw 3 of its levels.

You collected 136 gold pieces.

Inventory:

Armour
 a - a +0 robe (worn)
 h - a +0 pair of gloves (worn)
 j - a +1 pair of boots (worn)
Scrolls
 d - 2 scrolls of enchant weapon {unknown}
 e - a scroll of immolation {unknown}
 g - a scroll of torment {unknown}
 i - 2 scrolls of teleportation {unknown}
 k - a scroll of vulnerability {unknown}
 l - 4 scrolls of identify {unknown}
 m - a scroll of noise {unknown}
 o - a scroll of fear {unknown}
 p - a scroll of poison {unknown}
Potions
 c - a potion of resistance {unknown}
 f - a potion of mutation {unknown}
 n - a potion of brilliance {unknown}
 q - a potion of heal wounds {unknown}


   Skills:
 - Level 1.7 Dodging
 - Level 1.7 Stealth
 + Level 2.4 Spellcasting
 * Level 2.2 Conjurations
 - Level 0.8 Transmutations
 + Level 4.3 Earth Magic


You had one spell level left.
You knew the following spells:

 Your Spells              Type           Power      Damage    Failure   Level
a - Sandblast             Erth           34%        2d9       3%          1
b - Stone Arrow           Conj/Erth      26%        3d8       14%         3
w - Passwall              Tmut/Erth      9%         N/A       9%          2

Your spell library contained the following spells:

 Spells                   Type           Power      Damage    Failure   Level
 Magic Dart               Conj           40%        1d5       7%          1
 Freeze                   Ice            8%         1d3       17%         1
 Necrotise                Necr           8%         1d4       17%         1
 Call Imp                 Summ           2%         N/A       26%         2
 Hailstorm                Conj/Ice       6%         3d4       32%         3
 Mephitic Cloud           Conj/Pois/Air  4%         N/A       36%         3
 Frozen Ramparts          Ice            4%         1d1       45%         3
 Vampiric Draining        Necr           2%         2d6       45%         3
 Petrify                  Tmut/Erth      11%        N/A       52%         4
 Agony                    Necr           2%         N/A       99%         5


Dungeon Overview and Level Annotations

Branches:
Dungeon (3/15)

Altars:

Annotations:
D:3 Natasha


Innate Abilities, Weirdness & Mutations

You are partially covered in yellow scales. (AC +2)
You have a tail ending in a sharp stinger.


Message History

Confirm with . or Enter, or press ? or * to list all spells.
Aiming: Sandblast (safe; 3% risk of failure)
Press: ? - help, Shift-Dir - straight line, f/p - ice beast
Aim: an ice beast (heavily wounded, 82% to hit)
The blast of sand hits the ice beast but does no damage.
The ice beast is heavily wounded.
Natasha hisses angrily.
The ice beast hits you. The ice beast freezes you!
The ice beast closely misses you.
Casting: Sandblast (safe; 3% risk of failure)
Confirm with . or Enter, or press ? or * to list all spells.
Aiming: Sandblast (safe; 3% risk of failure)
Press: ? - help, Shift-Dir - straight line, f/p - ice beast
Aim: an ice beast (heavily wounded, 82% to hit)
The blast of sand hits the ice beast.
The ice beast is heavily wounded.
The ice beast closely misses you.
Casting: Sandblast (safe; 3% risk of failure)
Confirm with . or Enter, or press ? or * to list all spells.
Aiming: Sandblast (safe; 3% risk of failure)
Press: ? - help, Shift-Dir - straight line, f/p - ice beast
Aim: an ice beast (heavily wounded, 82% to hit)
You miscast Sandblast.
You are very lightly contaminated with residual magic.
Nothing appears to happen.
The ice beast hits you but does no damage.
The frilled lizard completely misses you.
Casting: Sandblast (safe; 3% risk of failure)
Confirm with . or Enter, or press ? or * to list all spells.
You don't have enough magic to cast this spell.
The ice beast hits you. The ice beast freezes you!
* * * LOW HITPOINT WARNING * * *
The frilled lizard bites you but does no damage.
Magic courses through your body.
Natasha mumbles some strange words.
You feel disoriented. Natasha claws you but does no damage.
The ice beast hits you.
* * * LOW HITPOINT WARNING * * *
The ice beast freezes you!
You die...

#.......# ##≈≈≈≈.~.#
..##....###≈#≈≈≈≈≈~..#
# #.....##≈≈≈≈≈≈~~~##
#......#######.#.....
##.............######
#..............#
#.........>...##
#..hYl........#
#...@.....†...#
#.............#
##........#...#
##.......#...#
####....†...#
#.~......# #≈≈≈≈≈≈≈###
#########


You could see an ice beast, Natasha and a frilled lizard.

Vanquished Creatures
  Jessica (D:3)
  Natasha (D:3)
  2 adders (D:2)
  2 worms (D:2)
  An orc (D:2)
  7 endoplasms
  6 goblins
  5 hobgoblins
  7 ball pythons
  3 bats
  10 frilled lizards
  3 kobolds
  6 rats
54 creatures vanquished.

Vanquished Creatures (others)
  9 plants (D:3)
9 creatures vanquished.

Grand Total: 63 creatures vanquished

Notes
Turn   | Place    | Note
-------+----------+-------------------------------------------
     0 | D:1      | Nacht the Demonspawn Earth Elementalist began the quest for
                  | the Orb.
     0 | D:1      | Reached XP level 1. HP: 13/13 MP: 3/3
    69 | D:1      | Reached skill level 3 in Earth Magic
   253 | D:1      | Gained mutation: You have a small tail. [demonic ancestry]
   253 | D:1      | Reached XP level 2. HP: 19/19 MP: 3/5
   868 | D:2      | Gained mutation: You are partially covered in yellow
                  | scales. (AC +2) [demonic ancestry]
   868 | D:2      | Reached XP level 3. HP: 24/24 MP: 3/6
  1021 | D:2      | Learned a level 2 spell: Passwall
  1025 | D:2      | Learned a level 3 spell: Stone Arrow
  1030 | D:2      | Reached skill level 4 in Earth Magic
  1273 | D:2      | Reached skill level 1 in Conjurations
  1588 | D:3      | Noticed an ice beast
  1632 | D:3      | Noticed Natasha
  1691 | D:3      | Killed Natasha
  1692 | D:3      | Gained mutation: You have a tail ending in a sharp stinger.
                  | [demonic ancestry]
  1692 | D:3      | Reached XP level 4. HP: 30/30 MP: 4/7
  1841 | D:3      | Noticed Jessica
  1846 | D:3      | Killed Jessica
  1930 | D:3      | Noticed Natasha
  1935 | D:3      | Mangled by an ice beast

Illustrated notes

Levels and vault maps discovered:
D:1:      grunt_arrival_lava_bath, layout_basic
D:2:      layout_rooms
D:3:      layout_rooms, nemelex_spade_bored_becter,
          nicolae_ru_sacrificial_ziggurat, serial_rivers,
          chequers_serial_rivers_room_b, chequers_serial_rivers_micro_b,
          chequers_serial_rivers_small_b, chequers_serial_rivers_micro_e,
          chequers_serial_rivers_room_b, chequers_serial_rivers_large_a,
          shapermc_ecumenical_altar_pompeii, minmay_lizard_king, uniq_jessica,
          uniq_crazy_yiuf_cottage, uniq_natasha

Skill      XL: |  1  2  3  4 |
---------------+-------------+-----
Earth Magic    | 3 4 |  4.3
Conjurations   | 1 2 |  2.2
Dodging        | |  1.7
Stealth        | |  1.7
Spellcasting   | |  2.4
Transmutations | |  0.8

Action                     |  1- 3 |  4- 6 || total
---------------------------+-------+-------++-------
  Melee: Unarmed           |     6 |       ||     6
   Cast: Sandblast         |    59 |    21 ||    80
    Use: Potion            |       |     1 ||     1
 Armour: Robe              |     3 |     9 ||    12
  Dodge: Dodged            |    11 |    11 ||    22

Table legend: (Time is in decaauts)
 A = Elapsed time spent in this place.
 B = Non-inter-level travel time spent in this place.
 C = Inter-level travel time spent in this place.
 D = Time resting spent in this place.
 E = Time spent auto-exploring this place.
 F = Levels seen in this place.
 G = Mean time per level.
                   A        B        C        D        E       F      G
               +--------+--------+--------+--------+--------+-----+--------+
         Total |   1978 |   1892 |     86 |      0 |   1504 |   3 |  659.3 |
       Dungeon |   1978 |   1892 |     86 |      0 |   1504 |   3 |  659.3 |
               +--------+--------+--------+--------+--------+-----+--------+

Top non-repeatable levels by time:
     D:1: 857 daAuts
     D:2: 844 daAuts
     D:3: 277 daAuts
